 Dungeon Crawl Stone Soup version 0.28.0 (webtiles) character file.

Game seed: 7375114224698716875

64 Zeld the Firebug (level 3, -4/19 HPs)
             Began as a Deep Elf Fire Elementalist on Feb 17, 2022.
             Slain by an orc (9 damage)
             ... on level 4 of the Dungeon.
             The game lasted 00:01:54 (1704 turns).

Zeld the Firebug (Deep Elf Fire Elementalist)       Turns: 1704, Time: 00:01:55

Health: -4/19      AC:  2    Str:  5    XL:     3   Next: 91%
Magic:  8/10       EV: 13    Int: 21    God:
Gold:   66         SH:  0    Dex: 15    Spells: 4/10 levels left

rFire   . . .      SeeInvis .   (no weapon)
rCold   . . .      Faith    .   (no shield)
rNeg    . . .      Spirit   .   a - +0 robe
rPois   .          Reflect  .   (no helmet)
rElec   .          Harm     .   (no cloak)
rCorr   .          Rampage  .   (no gloves)
Will    .....                   (no boots)
Stlth   ++........              (no amulet)
HPRegen 0.06/turn               (no ring)
MPRegen 0.12/turn               (no ring)

@: no status effects
A: no striking features
a: no special abilities


You were on level 4 of the Dungeon.
You visited 1 branch of the dungeon, and saw 3 of its levels.

You collected 66 gold pieces.

Inventory:

Armour
 a - a +0 robe (worn)
Scrolls
 b - a scroll of fog {unknown}
Potions
 c - a potion of might {unknown}
 d - a potion of haste {unknown}
 e - a potion of curing {unknown}
 f - a potion of flight {unknown}
 g - a potion of heal wounds {unknown}


   Skills:
 + Level 2.8 Dodging
 + Level 3.0 Stealth
 * Level 4.0 Spellcasting
 + Level 1.8 Conjurations
 * Level 4.1 Fire Magic


You had 4 spell levels left.
You knew the following spells:

 Your Spells              Type           Power      Damage    Failure   Level
a - Foxfire               Conj/Fire      64%        2x1d7     3%          1
b - Scorch                Fire           42%        2d7       3%          2
c - Inner Flame           Hex/Fire       12%        N/A       16%         3

Your spell library contained the following spells:

 Spells                   Type           Power      Damage    Failure   Level
 Conjure Flame            Conj/Fire      16%        6-21      11%         3
 Sublimation of Blood     Necr           4%         N/A       19%         2
 Flame Wave               Conj/Fire      16%        2d6       34%         4
 Petrify                  Tmut/Erth      4%         N/A       75%         4
 Irradiate                Conj/Tmut      4%         3d15      92%         5


Dungeon Overview and Level Annotations

Branches:
Dungeon (2/15)

Altars:

Portals:
Sewer: D:4


Message History

You add the spells Sublimation of Blood, Petrify and Irradiate to your library.
Okay, then.
You open the door.
An orc priest and 2 orcs come into view.
An orc priest comes into view. It is wielding a +2 dagger of freezing.
There is an open door here.
The orc shouts!
The orc priest shouts!
The orc shouts!
You hear a shout! x2
Casting: Foxfire (safe; 3% risk of failure)
Confirm with . or Enter, or press ? or * to list all spells.
You conjure some foxfire!
The orc priest shouts!
You hear a shout!
The foxfire hits the orc.
The orc is heavily wounded.
The foxfire hits the orc.
The orc is almost dead.
The orc priest looks braver for a moment.
Unknown command.
The orc hits you with a +0 flail.
The orc priest calls down the wrath of Beogh upon you.
Beogh smites you!
Ouch! That really hurt!
An adder comes into view.
The adder hisses angrily.
The orc priest calls upon Beogh to heal the orc.
The orc is healed somewhat.
You enter the shallow water.
Moving in this stuff is going to be slow.
Found a glowing drain.
The orc closely misses you. The adder bites you.
* * * LOW HITPOINT WARNING * * *
Casting: Foxfire (safe; 3% risk of failure)
Confirm with . or Enter, or press ? or * to list all spells.
You don't know that spell.
The adder closely misses you.
Casting: Foxfire (safe; 3% risk of failure)
Confirm with . or Enter, or press ? or * to list all spells.
Flames lash the adder.
You kill the adder!
You hear a shout!
The orc hits you with a +0 flail!
You die...

#...........#
#...........#
#..##..##...# .
##..##...# ..
#...#....# ...
#...#....# ....
#...######.....
#...#..........
#...#.o@.......
#...#†#########
#...#.≈≈≈≈≈≈≈∩
##..#o########
##..#o.o.....
#...'........
#...#........
#####........
.#####...


You could see an orc.

Vanquished Creatures
  A jelly (D:4)
  An adder (D:4)
  3 dart slugs (D:1)
  An endoplasm (D:1)
  A giant cockroach (D:1)
  3 goblins
  2 hobgoblins
  4 jackals (D:1)
  A ball python (D:1)
  5 bats (D:1)
  2 frilled lizards (D:1)
  A kobold (D:1)
  A rat (D:1)
26 creatures vanquished.

Vanquished Creatures (others)
  108 foxfires
108 creatures vanquished.

Grand Total: 134 creatures vanquished

Notes
Turn   | Place    | Note
-------+----------+-------------------------------------------
     0 | D:1      | Zeld the Deep Elf Fire Elementalist began the quest for the
                  | Orb.
     0 | D:1      | Reached XP level 1. HP: 10/10 MP: 6/6
   448 | D:1      | Reached XP level 2. HP: 15/15 MP: 6/8
   451 | D:1      | Learned a level 2 spell: Scorch
   509 | D:1      | Noticed a shining eye
   512 | D:1      | Found a faded altar of an unknown god.
   532 | D:1      | Noticed a shining eye
   532 | D:1      | Noticed a great orb of eyes
   532 | D:1      | Noticed a shining eye
  1349 | D:1      | Reached XP level 3. HP: 16/19 MP: 3/10
  1353 | D:1      | Learned a level 3 spell: Inner Flame
  1620 | D:2      | You fall into a shaft and drop 2 floors!
  1700 | D:4      | Found a glowing drain.
  1704 | D:4      | Slain by an orc

Illustrated notes

Levels and vault maps discovered:
D:1:      dpeg_arrival_signposts, layout_loops_corners,
          hellmonk_ecumenical_altar_watching_god, minmay_tromino_v7
D:2:      layout_loops_cross, basic_altar, minivault_11, kennysheep_boxes
D:4:      layout_gridville, kennysheep_orc_sif_temple, portal_sewer_entry_d,
          uniq_natasha, uniq_edmund, uniq_pikel

Skill      XL: |  1  2  3 |
---------------+----------+-----
Stealth        | 3 |  3.0
Spellcasting   | 4 |  4.0
Fire Magic     | 4 |  4.1
Dodging        | |  2.8
Conjurations   | |  1.8

Action                   || total
-------------------------++-------
Melee: Unarmed           ||     1
 Cast: Foxfire           ||    61
       Scorch            ||     2
Armor: Robe              ||     3
Dodge: Dodged            ||    11
